 Dungeon Crawl Stone Soup version 0.27-a0-1217-g8a41f320e8 (webtiles) character file.

Game seed: 975020277334122796

543 EldarEldrad the Conjurer (level 7, -1/36 HPs)
             Began as a Deep Elf Fire Elementalist on June 6, 2021.
             Slain by an unseen horror (9 damage)
             ... on level 5 of the Dungeon.
             The game lasted 00:19:52 (4248 turns).

EldarEldrad the Conjurer (DEFE)                     Turns: 4248, Time: 00:19:53

Health: -1/36      AC:  3    Str:  5    XL:     7   Next: 6%
Magic:  21/26      EV: 12    Int: 22    God:
Gold:   175        SH:  0    Dex: 15    Spells: 4/17 levels left

rFire    . . .     SeeInvis .   e - +2 dagger (venom)
rCold    . . .     Faith    .   (no shield)
rNeg     . . .     Spirit   .   a - +0 robe
rPois    .         Reflect  .   (no helmet)
rElec    .         Harm     .   w - +0 cloak
rCorr    .         Rampage  .   (no gloves)
Will     +....                  (no boots)
Stlth    ++........             i - amulet of regeneration
HPRegen  1.12/turn              c - ring of willpower
MPRegen  0.20/turn              k - ring of magical power

@: no status effects
A: no striking features
a: no special abilities


You were on level 5 of the Dungeon.
You visited 1 branch of the dungeon, and saw 5 of its levels.

You collected 175 gold pieces.

Inventory:

Hand Weapons
 e - a +2 dagger of venom (weapon)
Missiles
 j - a throwing net
Armour
 a - a +0 robe (worn)
 w - a +0 cloak (worn)
Jewellery
 c - a ring of willpower (left hand)
 i - an amulet of regeneration (around neck)
 k - a ring of magical power (right hand)
 u - an amulet of the acrobat
Wands
 q - a wand of polymorph (4)
Scrolls
 b - a scroll of enchant weapon {unknown}
 d - a scroll of silence {unknown}
 f - a scroll of fog {unknown}
 h - a scroll of acquirement {unknown}
 m - a scroll of vulnerability {unknown}
 n - a scroll of noise {unknown}
 t - a scroll of teleportation {unknown}
 v - a scroll of amnesia {unknown}
Potions
 g - 3 potions of might
 l - a potion of mutation
 o - 2 potions of curing
 p - a potion of ambrosia
 r - a potion of haste {unknown}
 s - a potion of flight {unknown}


   Skills:
 - Level 2.4 Dodging
 - Level 2.4 Stealth
 + Level 5.6 Spellcasting
 * Level 5.8 Conjurations
 + Level 5.2 Fire Magic


You had 4 spell levels left.
You knew the following spells:

 Your Spells              Type           Power      Damage    Failure   Level
a - Foxfire               Conj/Fire      100%       2x1d9     1%          1
b - Conjure Flame         Conj/Fire      30%        6-21      3%          3
c - Sticky Flame          Conj/Fire      30%        2d5       10%         4
d - Fireball              Conj/Fire      15%        3d8       26%         5

Your spell library contained the following spells:

 Spells                   Type           Power      Damage    Failure   Level
 Inner Flame              Hex/Fire       17%        N/A       10%         3


Dungeon Overview and Level Annotations

Branches:
Dungeon (5/15)
 Temple: D:4-7

Altars:
Kikubaaqudgha
Makhleb
Yredelemnul

Annotations:
D:5 2 transporters


Message History

You start resting.
Magic restored.
Things that are here:
a +1 war axe of venom; an orc corpse
Things that are here:
a +0 giant spiked club; an ogre corpse
Things that are here:
a +0 giant spiked club; an ogre corpse
Found a potion of resistance.
There is a transporter here.
You hear the rapid rusting of a very distant drain.
Found a quarterstaff.
Found a ring mail.
Found a stone staircase leading down.
You see here a +0 quarterstaff.
You conjure some foxfire!
The foxfire hits something.
Deactivating autopickup; reactivate with Ctrl-A.
You hit something. Something hits you!
You conjure some foxfire!
The foxfire hits something but does no damage.
Something hits you.
You conjure some foxfire!
The foxfire hits something but does no damage.
Something hits you.
You conjure some foxfire!
The foxfire hits something but does no damage.
The foxfire hits something.
You conjure some foxfire!
Something hits you.
You hit something but do no damage.
The foxfire hits something but does no damage. x2
Something hits you.
You conjure some foxfire!
The foxfire hits something but does no damage.
Something hits you.
You conjure some foxfire!
Something hits you!
The foxfire hits something but does no damage.
You hit something but do no damage.
The foxfire hits something.
Something hits you.
* * * LOW HITPOINT WARNING * * *
Something hits you!
You die...

#####..... <.....# .#
###..#...#.. #..#
##.# ### #..# #.# .>#
##). #[###..# #..#
#.#.#.## #..###
##..#..# #..#.
#.{@#..#
##..###.###§..#
#######.............#
°°.○○○#.#..#######.##
☼°○○☼°#.#..# #.#
.#.#○○#....# #.#
..!©°.#©...#######.#
.#.#☼○#............#
°○○○°°#....#########


There were no monsters in sight!

Vanquished Creatures
  An ogre (D:5)
  A water moccasin skeleton (D:5)
  A centaur skeleton (D:4)
  4 hounds (D:4)
  Jessica (D:2)
  A scorpion zombie (D:3)
  Ijyb (D:3)
  An iguana (D:4)
  5 gnolls
  An adder (D:5)
  An ufetubus (D:5)
  A dart slug (D:1)
  9 orcs
  8 ball pythons
  10 endoplasms
  6 giant cockroaches
  8 goblins
  7 hobgoblins
  2 jackals (D:3)
  7 kobolds
  3 quokkas
  4 bats
  3 frilled lizards (D:3)
  A giant cockroach zombie (D:3)
  4 rats
91 creatures vanquished.

Vanquished Creatures (others)
  300 foxfires
300 creatures vanquished.

Grand Total: 391 creatures vanquished

Notes
Turn   | Place    | Note
-------+----------+-------------------------------------------
     0 | D:1      | EldarEldrad the Deep Elf Fire Elementalist began the quest
                  | for the Orb.
     0 | D:1      | Reached XP level 1. HP: 10/10 MP: 6/6
   198 | D:1      | Found a faded altar of an unknown god.
   212 | D:1      | Reached XP level 2. HP: 15/15 MP: 4/8
   790 | D:1      | Reached XP level 3. HP: 19/19 MP: 8/10
  1151 | D:2      | Noticed Jessica
  1155 | D:2      | Killed Jessica
  1452 | D:2      | Reached XP level 4. HP: 24/24 MP: 8/11
  1709 | D:2      | Learned a level 3 spell: Conjure Flame
  1714 | D:2      | Learned a level 4 spell: Sticky Flame
  2230 | D:3      | Noticed Ijyb
  2241 | D:3      | Killed Ijyb
  2242 | D:3      | Reached XP level 5. HP: 23/28 MP: 13/13
  2291 | D:3      | Found a basalt altar of Yredelemnul.
  2396 | D:3      | Found an ancient bone altar of Kikubaaqudgha.
  2834 | D:4      | Identified the +1 ring mail of the Yeti {rElec rF++ Will+
                  | Stlth-}
  3156 | D:4      | Found a burning altar of Makhleb.
  3345 | D:4      | Identified the +7 mace of Stickiness {vorpal, rF+ rN+}
  3597 | D:4      | Reached XP level 6. HP: 32/32 MP: 15/15
  3630 | D:4      | Reached skill level 5 in Spellcasting
  3653 | D:4      | Learned a level 5 spell: Fireball
  3696 | D:4      | Reached skill level 5 in Conjurations
  3753 | D:5      | Entered Level 5 of the Dungeon
  3781 | D:5      | Reached skill level 5 in Fire Magic
  4102 | D:5      | Found a transporter.
  4155 | D:5      | Found a transporter.
  4161 | D:5      | Reached XP level 7. HP: 36/36 MP: 17/17
  4248 | D:5      | Slain by an unseen horror

Illustrated notes

Levels and vault maps discovered:
D:1:      nzn_arrival_settlement, layout_loops_ring,
          hellmonk_ecumenical_altar_arch_garden
D:2:      layout_basic, uniq_jessica
D:3:      layout_loops_ring, nicolae_overflow_crystal_walls,
          lemuel_zombie_altar_yredelemnul, minmay_misc_feat_tiny,
          kennysheep_another_room, kennysheep_generic_room_15, uniq_ijyb
D:4:      layout_gridville, makhleb_heckhound_becter
D:5:      gammafunk_cloud_chamber, layout_loops_ring, marbit_many_paths,
          portal_sewer_entry_b, dk_noncrumbling_3, minmay_manual_mail,
          uniq_pikel

Skill      XL: |  1  2  3  4  5  6 |
---------------+-------------------+-----
Conjurations   | 2 3 4 5 |  5.8
Fire Magic     | 4 5 |  5.2
Spellcasting   | 4 5 |  5.6
Dodging        | |  2.4
Stealth        | |  2.4

Action                   |  1- 3 |  4- 6 |  7- 9 || total
-------------------------+-------+-------+-------++-------
Melee: Dagger            |     3 |    21 |     3 ||    27
 Cast: Foxfire           |    57 |   123 |    10 ||   190
  Use: Scroll            |       |     4 |       ||     4
 Stab: Sleeping          |       |     1 |       ||     1
Armor: Robe              |     1 |     3 |       ||     4
Dodge: Dodged            |     4 |    22 |       ||    26

Table legend: (Time is in decaauts)
 A = Elapsed time spent in this place.
 B = Non-inter-level travel time spent in this place.
 C = Inter-level travel time spent in this place.
 D = Time resting spent in this place.
 E = Time spent auto-exploring this place.
 F = Levels seen in this place.
 G = Mean time per level.
                   A        B        C        D        E       F      G
               +--------+--------+--------+--------+--------+-----+--------+
         Total |   4249 |   4111 |    138 |    759 |   2429 |   5 |  849.8 |
       Dungeon |   4249 |   4111 |    138 |    759 |   2429 |   5 |  849.8 |
               +--------+--------+--------+--------+--------+-----+--------+

Top non-repeatable levels by time:
     D:4: 1104 daAuts
     D:1: 1080 daAuts
     D:3: 944 daAuts
     D:2: 694 daAuts
     D:5: 426 daAuts
